AoeStats
← BSV | Gabriel

Arena

509778778Analyzed
4v4 RM · 3d ago on Sep 28, 2026· 40m 34s· 8 players
Game mode
Random Map
Map size
Large (8 player)
Population
200
Speed
Normal
Resources
Standard
Victory
Conquest
Starting age
Dark Age
Ending age
Imperial Age
RankedLock teamsTeams togetherTeam positionsShared explorationLock speedFull tech treeHidden civsTurbo modeCheats
Victory
Defeat
🇦🇷 Mongols · Argentina
1492
+10
🇦🇷 Malians · Argentina
1491
+10
🇧🇴 Japanese · Bolivia
1402
+13
🇧🇷 Bengalis · Brazil
1351
+15
🇻🇪 Spanish · Venezuela
1407
-14
🇻🇪 Danes · Venezuela
1398
-14
🇨🇴 Franks · Colombia
1343
-12
🇻🇪 Khmer · Venezuela
1236
-8
Karzul
10:40 Feudal Age
14:32 Castle Age
12:19 Double-Bit Axe
12:39 Horse Collar
16:33 Bow Saw
21:36 Wheelbarrow
20:53 Loom
24:55 Heavy Plow
24:47 Gold Mining
25:24 Hand Cart
28:09 Imperial Age
25:46 Fletching
25:49 Town Watch
28:10 Ballistics
27:46 Bodkin Arrow
28:03 Bloodlines
27:54 Husbandry
28:54 Elite Elephant Archer
29:35 Bracer
29:35 Padded Archer Armor
30:37 Chemistry
30:30 Conscription
31:57 Crop Rotation
32:12 Paiks
32:50 Masonry
33:51 Paiks
35:21 Guilds
35:43 Mahayana
35:40 Leather Archer Armor
35:58 Architecture
36:25 Murder Holes
37:02 Ring Archer Armor
36:00 Elite Battle Elephant
36:01 Light Cavalry
36:50 Scale Barding Armor
36:56 Forging
39:41 Chain Barding Armor
39:57 Iron Casting
39:40 Caravan
40:22 Elite Battle Elephant
sk
8:39 Loom
10:26 Feudal Age
11:55 Double-Bit Axe
14:28 Castle Age
12:37 Horse Collar
15:34 Bow Saw
18:50 Heavy Plow
22:26 Wheelbarrow
22:52 Fletching
24:53 Gold Mining
24:54 Stone Mining
29:07 Imperial Age
27:02 Hand Cart
27:10 Loom
28:22 Gold Shaft Mining
28:23 Stone Shaft Mining
28:38 Bodkin Arrow
28:43 Padded Archer Armor
29:26 Husbandry
29:46 Bloodlines
30:20 Bracer
30:57 Ballistics
31:38 Chemistry
31:44 Coinage
30:45 Elite Mangudai
31:46 Thumb Ring
33:13 Parthian Tactics
32:53 Elite Skirmisher
33:56 Leather Archer Armor
38:32 Conscription
38:37 Drill
39:03 Capped Ram
40:20 Scale Mail Armor
40:31 Forging
40:02 Siege Ram
GG LA LIFE KARIN
10:22 Feudal Age
10:46 Feudal Age
10:16 Loom
13:17 Fletching
15:47 Horse Collar
15:54 Double-Bit Axe
22:51 Castle Age
21:39 Gold Mining
21:40 Stone Mining
22:07 Town Watch
24:43 Bow Saw
24:34 Heavy Plow
25:49 Bodkin Arrow
32:05 Wheelbarrow
35:39 Imperial Age
33:37 Scale Mail Armor
34:10 Forging
35:24 Chain Mail Armor
35:28 Hand Cart
35:46 Squires
35:32 Arson
36:50 Iron Casting
36:50 Conscription
37:04 Plate Mail Armor
36:30 Stone Mining
38:47 Gold Shaft Mining
39:34 Blast Furnace
40:37 Two-Man Saw
39:14 Elite Samurai
poi
0:32 Loom
10:22 Feudal Age
12:08 Double-Bit Axe
14:37 Castle Age
12:27 Horse Collar
15:57 Bow Saw
21:30 Heavy Plow
22:19 Wheelbarrow
23:25 Stone Mining
23:26 Gold Mining
24:17 Hand Cart
24:39 Treadmill Crane
28:24 Imperial Age
26:05 Squires
26:22 Loom
26:45 Scale Mail Armor
27:09 Husbandry
27:57 Stone Shaft Mining
27:59 Gold Shaft Mining
28:17 Chain Mail Armor
28:13 Forging
29:37 Plate Mail Armor
29:42 Iron Casting
29:29 Fletching
29:26 Elite Gbeto
31:21 Conscription
31:02 Arson
32:28 Chemistry
31:41 Masonry
31:28 Heavy Camel Rider
32:28 Murder Holes
32:50 Bloodlines
32:47 Scale Barding Armor
34:00 Chain Barding Armor
34:07 Farimba
38:38 Plate Barding Armor
38:27 Light Cavalry
40:53 Coinage
40:38 Fervor
40:44 Block Printing
40:31 Caravan
40:17 Town Watch
40:30 Bodkin Arrow
40:36 Padded Archer Armor
40:23 Pikeman
BSV | Yi Zus
10:26 Feudal Age
15:26 Castle Age
13:44 Double-Bit Axe
15:14 Horse Collar
17:32 Bow Saw
21:35 Wheelbarrow
23:27 Heavy Plow
24:47 Hand Cart
25:00 Gold Mining
30:39 Imperial Age
28:38 Scale Mail Armor
29:34 Gold Shaft Mining
30:28 Fletching
31:04 Bodkin Arrow
30:45 Heavy Mounted Crossbowman
30:46 Cranequins
31:59 Ballistics
32:18 Padded Archer Armor
32:20 Bracer
33:29 Chemistry
33:07 Thumb Ring
33:45 Leather Archer Armor
34:51 Pikeman
36:48 Halberdier
37:44 Chain Mail Armor
38:05 Forging
37:58 Town Watch
tat0
7:44 Loom
9:53 Feudal Age
11:39 Feudal Age
12:53 Double-Bit Axe
16:48 Castle Age
17:04 Forging
16:59 Scale Barding Armor
18:50 Gold Mining
21:16 Husbandry
24:21 Wheelbarrow
27:58 Chain Barding Armor
28:13 Iron Casting
35:10 Imperial Age
35:25 Hand Cart
34:55 Town Watch
36:37 Plate Barding Armor
35:36 Cavalier
37:28 Bow Saw
38:04 Fortified Wall
38:49 Light Cavalry
LeCoque
10:37 Feudal Age
14:25 Castle Age
12:47 Double-Bit Axe
16:06 Horse Collar
21:58 Wheelbarrow
21:14 Loom
27:20 Imperial Age
25:27 Tusk Swords
25:32 Gold Mining
26:06 Bloodlines
25:59 Husbandry
26:05 Scale Barding Armor
26:51 Forging
27:37 Chain Barding Armor
28:22 Bow Saw
28:55 Elite Battle Elephant
30:25 Conscription
31:37 Gold Shaft Mining
32:04 Plate Barding Armor
35:03 Heavy Scorpion
38:35 Double Crossbow
BSV | Gabriel
6:43 Loom
9:01 Feudal Age
9:39 Double-Bit Axe
13:19 Town Watch
13:32 Fletching
21:18 Castle Age
23:20 Padded Archer Armor
28:13 Horse Collar
31:10 Bodkin Arrow
32:04 Leather Archer Armor
31:26 Elite Skirmisher
35:10 Ballistics
35:57 Fortified Wall
Connection lost

Rejoining the realm…

Still unreachable

The connection could not be restored.

Session expired

The server has moved on; the page needs a fresh start.